 Dungeon Crawl Stone Soup version 0.30-a0-772-g5528072125 (webtiles) character file.

Game seed: 6295803427051062472

48 Leeroy the Slasher (level 3, 0/18 HPs)
             Began as a Vine Stalker Warper on Feb 12, 2023.
             Succumbed to a gnoll's poison
             ... on level 2 of the Dungeon.
             The game lasted 00:01:28 (1095 turns).

Leeroy the Slasher (Vine Stalker Warper)            Turns: 1095, Time: 00:01:28

Health: 0/18       AC:  3    Str: 13    XL:     3   Next: 72%
Magic:  2/7        EV: 11    Int: 13    God:
Gold:   30         SH:  0    Dex: 15    Spells: 6/6 levels left

rFire   . . .      SeeInvis .    a - +0 falchion
rCold   . . .      Faith    .    (no shield)
rNeg    . . .      Spirit   +    b - +0 leather armour
rPois   .          Reflect  .    (no helmet)
rElec   .          Harm     .    (no cloak)
rCorr   .          Rampage  .    (no gloves)
Will    .....                    (no boots)
Stlth   +                        (no amulet)
HPRegen 0.23/turn                (no ring)
MPRegen 0.10/turn                (no ring)

@: lethally poisoned (0 -> -5)
A: fangs 2, magic shield, antimagic bite, no potion heal 2
a: no special abilities


You were on level 2 of the Dungeon.
You visited 1 branch of the dungeon, and saw 2 of its levels.

You collected 30 gold pieces.

Inventory:

Hand Weapons
 a - a +0 falchion (weapon)
Missiles
 d - 7 boomerangs of dispersal (quivered)
Armour
 b - a +0 leather armour (worn)
Scrolls
 c - a scroll of blinking
 e - a scroll of teleportation {unknown}
Potions
 f - a potion of heal wounds {unknown}
 g - a potion of flight {unknown}


   Skills:
 - Level 1.7 Fighting
 + Level 3.6 Long Blades
 - Level 0.8 Throwing
 - Level 0.7 Armour
 - Level 1.5 Dodging
 - Level 2.1 Spellcasting
 - Level 3.0 Translocations


You had 6 spell levels left.
You didn't know any spells.
Your spell library contained the following spells:

 Spells                   Type           Power      Damage    Failure   Level
 Blink                    Tloc           18%        N/A       14%         2
 Lesser Beckoning         Tloc           18%        N/A       14%         2
 Teleport Other           Tloc           9%         N/A       28%         3
 Vhi's Electric Charge    Tloc/Air       10%        N/A       45%         3
 Manifold Assault         Tloc           9%         N/A       67%         4


Dungeon Overview and Level Annotations

Branches:
Dungeon (2/15)

Altars:


Innate Abilities, Weirdness & Mutations

You have extremely sharp teeth.
When hurt, damage is shared between your health and your magic reserves.
Your bite disrupts and absorbs the magic of your enemies.
Potions cannot restore your health.


Message History

You are too injured to fight recklessly!
You slash the gnoll!
You kill the gnoll!
You barely miss the giant cockroach.
The giant cockroach completely misses you.
You closely miss the giant cockroach.
You bite the giant cockroach, but do no damage.
The giant cockroach barely misses you. The giant cockroach bites you.
You barely miss the giant cockroach. The giant cockroach closely misses you.
You hit the giant cockroach. Your bite misses the giant cockroach.
The giant cockroach is heavily wounded.
The giant cockroach barely misses you.
You hit the giant cockroach. You bite the giant cockroach.
You kill the giant cockroach!
Items here: )) ††.
A gnoll comes into view. It is wielding a +0 flail of venom.
A gnoll is nearby!
A gnoll is nearby!
You hit the gnoll but do no damage. The gnoll barely misses you.
You barely miss the gnoll. You bite the gnoll, but do no damage.
The gnoll hits you with a +0 flail of venom!
You hit the gnoll. Your bite misses the gnoll.
The gnoll is heavily wounded.
The gnoll barely misses you. x2
You barely miss the gnoll.
The gnoll is moderately wounded.
The gnoll barely misses you.
You hit the gnoll. Your bite misses the gnoll.
The gnoll is severely wounded.
The gnoll hits you with a +0 flail of venom.
* * * LOW HITPOINT WARNING * * *
You are lethally poisoned!
You hit the gnoll but do no damage. Your bite misses the gnoll.
The gnoll is severely wounded.
* * * LOW HITPOINT WARNING * * *
You feel very sick. The gnoll closely misses you.
You barely miss the gnoll. Your bite misses the gnoll.
The gnoll is severely wounded.
You die...

#### ..#
... #.#
#g#
#######@#
###
#..)....#
#<#
#.###...#
#.# #.#
#.#.#
#.###.#
#.#.#
#.....#
#.#.#
#######
#.#.#
#...#
#.###


You could see a gnoll.

Vanquished Creatures
  2 gnolls (D:2)
  A dart slug (D:1)
  2 ball pythons (D:1)
  4 endoplasms (D:1)
  3 giant cockroaches
  A goblin (D:1)
  A hobgoblin (D:1)
  3 kobolds (D:1)
  A quokka (D:1)
  3 frilled lizards (D:1)
  4 rats (D:1)
25 creatures vanquished.

Notes
Turn   | Place    | Note
-------+----------+-------------------------------------------
     0 | D:1      | Leeroy the Vine Stalker Warper began the quest for the Orb.
     0 | D:1      | Reached XP level 1. HP: 11/11 MP: 4/4
   197 | D:1      | Reached XP level 2. HP: 9/15 MP: 4/6
   749 | D:1      | Reached XP level 3. HP: 18/18 MP: 5/7
   984 | D:1      | Found a faded altar of an unknown god.
  1095 | D:2      | Succumbed to a gnoll's poison

Illustrated notes

Levels and vault maps discovered:
D:1:      dpeg_arrival_rooms_c, layout_basic,
          dilly_ecumenical_altar_fadedgnrine, minmay_close_crescents
D:2:      layout_basic, nicolae_figureground_sparkle

Skill      XL: |  1  2 |
---------------+-------+-----
Long Blades    | 2 3 |  3.6
Fighting       | |  1.7
Throwing       | |  0.8
Armour         | |  0.7
Dodging        | |  1.5
Spellcasting   | |  2.1
Translocations | |  3.0

Action                     || total
---------------------------++-------
  Melee: Falchion          ||    89
         Bite              ||    15
         Punch             ||     1
   Stab: Sleeping          ||     2
 Armour: Leather armour    ||    20
  Dodge: Dodged            ||    53

Table legend: (Time is in decaauts)
 A = Elapsed time spent in this place.
 B = Non-inter-level travel time spent in this place.
 C = Inter-level travel time spent in this place.
 D = Time resting spent in this place.
 E = Time spent auto-exploring this place.
 F = Levels seen in this place.
 G = Mean time per level.
                   A        B        C        D        E       F      G
               +--------+--------+--------+--------+--------+-----+--------+
         Total |   1109 |   1073 |     36 |      0 |    889 |   2 |  554.5 |
       Dungeon |   1109 |   1073 |     36 |      0 |    889 |   2 |  554.5 |
               +--------+--------+--------+--------+--------+-----+--------+

Top non-repeatable levels by time:
     D:1: 1048 daAuts
     D:2: 61 daAuts
